 Dungeon Crawl Stone Soup version 0.30-a0-540-g0af01429fa (webtiles) character file.

Game seed: 9125928215834443748

1180 PyroL the Reanimator (level 8, -2/64 HPs)
             Began as a Demonspawn Necromancer on Dec 25, 2022.
             Slain by an ogre
             ... wielding a +0 giant spiked club
              (25 damage)
             ... on level 5 of the Dungeon.
             The game lasted 00:09:57 (6141 turns).

PyroL the Reanimator (Demonspawn Necromancer)       Turns: 6141, Time: 00:09:57

Health: -2/64      AC:  8    Str: 10    XL:     8   Next: 18%
Magic:  0/13       EV: 16    Int: 18    God:
Gold:   192        SH:  0    Dex: 19    Spells: 5/14 levels left

rFire   . . .      SeeInvis .    u - +1 short sword (vamp)
rCold   . . .      Faith    .    (no shield)
rNeg    + . .      Spirit   .    d - +1 robe {rN+}
rPois   .          Reflect  .    (no helmet)
rElec   .          Harm     .    (no cloak)
rCorr   .          Rampage  .    (no gloves)
Will    .....                    l - +2 pair of boots {Stlth+}
Stlth   +++                      (no amulet)
HPRegen 0.30/turn                c - +6 ring of dexterity
MPRegen 0.13/turn                r - +4 ring of evasion

@: animating dead, very slightly contaminated
A: icy blue scales 1, demonic guardian 1, demonic touch 1
a: no special abilities


You were on level 5 of the Dungeon.
You visited 1 branch of the dungeon, and saw 5 of its levels.
You also visited: Ossuary.

You collected 192 gold pieces.

Inventory:

Hand Weapons
 u - a +1 vampiric short sword (weapon)
Armour
 d - a +1 robe of positive energy (worn)
 l - a +2 pair of boots of stealth (worn)
Jewellery
 c - a +6 ring of dexterity (left hand)
 r - a +4 ring of evasion (right hand)
Wands
 n - a wand of polymorph (9)
 t - a wand of paralysis (6)
Scrolls
 i - a scroll of brand weapon {unknown}
 m - 2 scrolls of fog
 o - a scroll of amnesia
 v - a scroll of magic mapping {unknown}
 w - 3 scrolls of fear
Potions
 b - a potion of magic
 e - 2 potions of flight {unknown}
 f - 2 potions of curing
 g - a potion of mutation {unknown}
 h - 2 potions of brilliance {unknown}
 j - a potion of attraction {unknown}
 k - 2 potions of haste
 p - a potion of cancellation {unknown}
 q - 5 potions of invisibility
 s - a potion of berserk rage {unknown}
 x - 2 potions of lignification {unknown}


   Skills:
 - Level 6.2 Fighting
 - Level 1.7 Dodging
 - Level 1.7 Stealth
 - Level 3.5 Spellcasting
 + Level 8.5 Necromancy


You had 5 spell levels left.
You knew the following spells:

 Your Spells              Type           Power      Damage    Failure   Level
a - Necrotise             Necr           100%       1d9       1%          1
b - Vampiric Draining     Necr           33%        2d8       1%          3
c - Animate Dead          Necr           33%        N/A       4%          4
d - Kiss of Death         Conj/Necr      72%        2d10      2%          1

Your spell library contained the following spells:

 Spells                   Type           Power      Damage    Failure   Level
 Dispel Undead            Necr           33%        3d14      4%          4
 Agony                    Necr           33%        N/A       13%         5
 Freeze                   Ice            12%        1d3       16%         1
 Magic Dart               Conj           12%        1d3       16%         1
 Confusing Touch          Hex            3%         N/A       43%         3
 Frozen Ramparts          Ice            6%         1d1       43%         3
 Hailstorm                Conj/Ice       3%         3d3       43%         3
 Inner Flame              Hex/Fire       3%         N/A       43%         3
 Kindle Blastsparks       Fire/Tloc/Air  6%         2d10      43%         3
 Spellforged Servitor     Conj/Summ      1%         N/A       100%        7


Dungeon Overview and Level Annotations

Branches:
Dungeon (5/15)            Ossuary (visited)
 Temple: D:4-7

Altars:

Annotations:
D:2 1 runed translucent door, Crazy Yiuf
D:5 Dowan


Innate Abilities, Weirdness & Mutations

You are partially covered in icy blue scales. (AC +2)
A weak demonic guardian rushes to your aid.
Your touch may inflict minor irresistible damage on your foes.


Message History

Dowan hits you but does no damage.
The ogre hits your white imp with a +0 giant spiked club.
Your white imp dies!
Your white imp disappears in a puff of smoke!
Duvessa hits the ogre.
You closely miss Dowan.
Dowan is severely wounded.
Dowan hits you with a +0 dagger. Dowan closely misses you.
Unknown command.
You hit Dowan but do no damage.
Dowan is severely wounded.
Dowan gestures at you while chanting. The stone arrow misses you.
Casting: Vampiric Draining (safe; 1% risk of failure)
Confirm with . or Enter, or press ? or * to list all spells.
Aiming: Vampiric Draining (safe; 1% risk of failure)
Press: ? - help, Shift-Dir - straight line, f - Dowan
Aim: Dowan, wielding a +0 dagger and wearing a +0 robe (severely wounded, fast, ally target)
You miscast Vampiric Draining.
You are very lightly contaminated with residual magic.
Nothing appears to happen.
Dowan hits you with a +0 dagger. The ogre misses you.
Duvessa hits the ogre!
Dowan says, "Her death will not be in vain!"
Dowan mumbles some strange words.
Dowan blinks!
The worm bites Duvessa.
Unknown command.
The ogre attacks as you move away! The ogre barely misses you.
Duvessa hits Dowan.
Dowan hits Duvessa with a +0 dagger.
The worm bites Duvessa.
Dowan hits Duvessa with a +0 dagger.
Duvessa hits Dowan.
You hit the ogre.
You feel better.
The ogre is severely wounded.
The ogre hits you with a +0 giant spiked club!!
* * * LOW HITPOINT WARNING * * *
Dowan hits Duvessa with a +0 dagger.
The worm bites Duvessa!
Duvessa is destroyed!
Dowan shouts!
The ogre attacks as you move away!
The ogre hits you with a +0 giant spiked club!!
You die...

###..............#
.##........e######
.##.......O.#
.##.........#
............# .#
.#########'### .# #
## #..e##### .##. ##
###w).O.##########...
.# #####@##......#..#
W# #.##......#.# .#
#.##........###### .#
#.##...).........# .#
#.##Z##..........# ##
#.##.##..........# #
##.##'##.####.##### #
#......#.# #....#
#### #......#.#
#(...##


You could see an ogre, Dowan (fast) and a worm.

Vanquished Creatures
  Prince Ribbit (D:5)
  Edmund (D:5)
  Duvessa (D:5)
  A phantom (D:4)
  A scorpion (D:5)
  2 water moccasin zombies (Ossuary)
  A jelly (D:5)
  2 hounds
  Jessica (D:2)
  An iguana (D:4)
  Ijyb (D:3)
  Natasha (thrice) (D:3)
  2 mummies (Ossuary)
  4 gnolls
  4 adders
  7 adder zombies (Ossuary)
  3 worms (D:2)
  An orc (D:5)
  8 endoplasms
  5 giant cockroaches
  4 goblins
  4 hobgoblins
  3 jackals (D:4)
  8 quokkas
  7 ball pythons
  5 bats
  2 frilled lizards
  4 gnoll zombies (Ossuary)
  6 hobgoblin zombies (Ossuary)
  3 kobolds
  5 kobold zombies (Ossuary)
  3 orc zombies (Ossuary)
  6 rats
110 creatures vanquished.

Vanquished Creatures (collateral kills)
  Blork the orc (D:5)
  An adder zombie (Ossuary)
  A bat (D:1)
  An orc zombie (Ossuary)
4 creatures vanquished.

Vanquished Creatures (others)
  An elf zombie (D:5)
1 creature vanquished.

Grand Total: 115 creatures vanquished

Notes
Turn   | Place    | Note
-------+----------+-------------------------------------------
     0 | D:1      | PyroL the Demonspawn Necromancer began the quest for the
                  | Orb.
     0 | D:1      | Reached XP level 1. HP: 13/13 MP: 3/3
    61 | D:1      | Found a faded altar of an unknown god.
   321 | D:1      | Gained mutation: Your touch may inflict minor irresistible
                  | damage on your foes. [demonic ancestry]
   321 | D:1      | Reached XP level 2. HP: 19/19 MP: 1/5
   624 | D:1      | Got the Excursus on the Ruinous Summer
  1125 | D:2      | Noticed Jessica
  1272 | D:2      | Killed Jessica
  1273 | D:2      | Reached skill level 5 in Necromancy
  1273 | D:2      | Reached XP level 3. HP: 24/24 MP: 4/7
  1480 | D:2      | Learned a level 3 spell: Vampiric Draining
  1894 | D:2      | Gained mutation: You are partially covered in icy blue
                  | scales. (AC +2) [demonic ancestry]
  1894 | D:2      | Reached XP level 4. HP: 30/30 MP: 6/8
  2123 | D:2      | Reached skill level 1 in Fighting
  2486 | D:2      | Found a runed translucent door.
  2487 | D:2      | Noticed Crazy Yiuf
  2909 | D:3      | Noticed Ijyb
  2915 | D:3      | Killed Ijyb
  3097 | D:3      | Gained mutation: A weak demonic guardian rushes to your
                  | aid. [demonic ancestry]
  3097 | D:3      | Reached XP level 5. HP: 39/39 MP: 7/9
  3301 | D:3      | Noticed Natasha
  3305 | D:3      | Killed Natasha
  3332 | D:3      | Noticed Natasha
  3341 | D:3      | Killed Natasha
  3491 | D:3      | Noticed Natasha
  3500 | D:3      | Killed Natasha
  3832 | D:4      | Reached XP level 6. HP: 49/49 MP: 4/10
  3979 | D:4      | Found a sand-covered staircase.
  3990 | Ossuary  | Entered an ossuary
  4174 | Ossuary  | Reached skill level 5 in Fighting
  4473 | D:4      | Learned a level 1 spell: Kiss of Death
  4478 | D:4      | Learned a level 4 spell: Animate Dead
  4833 | D:4      | Reached XP level 7. HP: 58/58 MP: 5/11
  5240 | D:5      | Entered Level 5 of the Dungeon
  5492 | D:5      | Noticed Duvessa
  5736 | D:5      | Reached skill level 6 in Necromancy
  5736 | D:5      | Noticed Blork the orc
  5745 | D:5      | Killed Blork the orc
  5864 | D:5      | Noticed Edmund
  5873 | D:5      | Killed Edmund
  5874 | D:5      | Reached skill level 7 in Necromancy
  5944 | D:5      | Noticed Prince Ribbit
  5954 | D:5      | Killed Prince Ribbit
  5955 | D:5      | Reached skill level 8 in Necromancy
  5955 | D:5      | Reached XP level 8. HP: 25/64 MP: 4/13
  6100 | D:5      | Noticed Dowan
  6129 | D:5      | Killed Duvessa
  6140 | D:5      | Your ally Duvessa died
  6141 | D:5      | Slain by an ogre

Illustrated notes

Levels and vault maps discovered:
D:1:      wander_arrival_chamber, layout_basic, ebering_ecumenical_altar_mist
D:2:      layout_basic, minmay_pentomino_u4, uniq_crazy_yiuf_cottage,
          uniq_jessica
D:3:      layout_loops_ring, uniq_natasha, uniq_ijyb
D:4:      layout_layer_cave, lightli_ossuary_entry_decrepit_ruins
D:5:      layout_basic, serial_shops, nicolae_shop_crystal, uniq_blork_the_orc,
          uniq_prince_ribbit1, uniq_duvessa, uniq_edmund, uniq_menkaure

Skill      XL: |  1  2  3  4  5  6  7 |
---------------+----------------------+-----
Necromancy     | 5 8 |  8.5
Spellcasting   | 3 |  3.5
Fighting       | 2 4 6 |  6.2
Dodging        | |  1.7
Stealth        | |  1.7

Action                   |  1- 3 |  4- 6 |  7- 9 || total
-------------------------+-------+-------+-------++-------
Melee: Unarmed           |    22 |       |       ||    22
       Touch             |     6 |    58 |     8 ||    72
       Dagger            |     7 |   195 |       ||   202
       Punch             |     1 |     2 |       ||     3
       Short sword       |       |     3 |    37 ||    40
 Cast: Necrotise         |    60 |    32 |    17 ||   109
       Vampiric Draining |       |    11 |     9 ||    20
       Animate Dead      |       |       |     2 ||     2
  Use: Scroll            |     2 |     8 |       ||    10
 Stab: Sleeping          |       |     6 |       ||     6
       Distracted        |       |       |     1 ||     1
Armor: Robe              |     5 |    69 |    10 ||    84
Dodge: Dodged            |    24 |   165 |    29 ||   218

Table legend: (Time is in decaauts)
 A = Elapsed time spent in this place.
 B = Non-inter-level travel time spent in this place.
 C = Inter-level travel time spent in this place.
 D = Time resting spent in this place.
 E = Time spent auto-exploring this place.
 F = Levels seen in this place.
 G = Mean time per level.
                   A        B        C        D        E       F      G
               +--------+--------+--------+--------+--------+-----+--------+
         Total |   6139 |   5863 |    276 |    330 |   4499 |   6 | 1023.2 |
       Dungeon |   5862 |   5586 |    276 |    330 |   4387 |   5 | 1172.4 |
       Ossuary |    277 |    277 |      0 |      0 |    112 |   1 |  277.0 |
               +--------+--------+--------+--------+--------+-----+--------+

Top non-repeatable levels by time:
     D:2: 1522 daAuts
     D:4: 1471 daAuts
     D:1: 1267 daAuts
     D:5: 827 daAuts
     D:3: 773 daAuts
 Ossuary: 277 daAuts
